[ AOE2 MATCH · #490726271 ]
Team RMTeutons vs Burgundians
[ REPLAY ANALYSIS · EXTRACTED FROM THE RECORDED GAME ]
Feudal
10:33
Castle
14:40
Imperial
30:29
| APM avg | 51.2 |
| APM peak | 124 |
| eAPM avg | 34.1 |
| Villagers / military | 175 / 835 |
Focus
⚔️ 63.7% · 🌾 36.3%
Spearman ×667 · Scout Cavalry ×77 · Knight ×67 · Teutonic Knight ×20 · Trade Cart ×13 · Bombard Cannon ×4
Feudal
10:47
Castle
13:29
Imperial
33:00
| APM avg | 44.6 |
| APM peak | 102 |
| eAPM avg | 26.2 |
| Villagers / military | 188 / 634 |
Focus
⚔️ 44.4% · 🌾 55.6%
Scout Cavalry ×288 · Scorpion ×250 · Battering Ram ×66 · Knight ×19 · Trade Cart ×10 · Monk ×9
Feudal
11:08
Castle
15:03
Imperial
31:46
| APM avg | 29.5 |
| APM peak | 51 |
| eAPM avg | 19.0 |
| Villagers / military | 146 / 696 |
Focus
⚔️ 38.1% · 🌾 61.9%
Spearman ×605 · Bombard Cannon ×48 · Flemish Militia ×32 · Trade Cart ×7 · Militia ×5 · Battering Ram ×5
Feudal
10:31
Castle
15:08
Imperial
28:57
| APM avg | 54.6 |
| APM peak | 95 |
| eAPM avg | 34.8 |
| Villagers / military | 223 / 1052 |
Focus
⚔️ 43.7% · 🌾 56.3%
Spearman ×813 · Hand Cannoneer ×173 · Bombard Cannon ×50 · Trade Cart ×17 · Skirmisher ×15 · Monk ×1
Feudal
10:15
Castle
13:52
Imperial
28:45
| APM avg | 50.5 |
| APM peak | 97 |
| eAPM avg | 30.9 |
| Villagers / military | 156 / 364 |
Focus
⚔️ 43.3% · 🌾 56.7%
Mangudai ×270 · Battering Ram ×74 · Mangonel ×19 · Trade Cart ×17 · Monk ×1
Feudal
10:58
Castle
14:28
Imperial
30:47
| APM avg | 52.6 |
| APM peak | 108 |
| eAPM avg | 27.4 |
| Villagers / military | 241 / 310 |
Focus
⚔️ 36.9% · 🌾 63.1%
Skirmisher ×134 · Hand Cannoneer ×92 · Trade Cart ×41 · Conquistador ×35 · Bombard Cannon ×26 · Trebuchet (Packed) ×20
Feudal
11:04
Castle
14:42
Imperial
—
| APM avg | 6.2 |
| APM peak | 38 |
| eAPM avg | 3.3 |
| Villagers / military | 43 / 10 |
Focus
⚔️ 22.2% · 🌾 77.8%
Archer ×8 · Mangonel ×2
Feudal
9:25
Castle
18:20
Imperial
32:57
| APM avg | 34.1 |
| APM peak | 67 |
| eAPM avg | 20.5 |
| Villagers / military | 231 / 169 |
Focus
⚔️ 29.5% · 🌾 70.5%
Scout Cavalry ×82 · Knight ×59 · Skirmisher ×13 · Monk ×6 · Archer ×4 · Mangonel ×2
Match map
Initial resources + every placement click. Lines = walls · curves = elevation contours. ◆ gold · ⬟ stone · ● berries · ✦ relic · ◌ wall gap
Your base· ✓ Closed at 14:40 · 0t walls · 2 gate(s)
Pawo's base· ✓ Closed at 13:29 · 0t walls · 2 gate(s)
Tarkha's base· ✓ Closed at 15:03 · 1t walls · 5 gate(s)
AndreySpy1's base· ✓ Closed at 15:08 · 0t walls · 2 gate(s)
[Fx、]AirDk's base· ✓ Closed at 13:52 · 0t walls · 2 gate(s)
_stranikk_'s base· ✓ Closed at 14:28 · 13t walls · 3 gate(s)
摸鱼大周周's base· ✓ Closed at 14:42 · 0t walls · 2 gate(s)
probatman's base· ✓ Closed at 18:20 · 0t walls · 3 gate(s)
Smoothed initial terrain · ◌ = detected wall gap · hover for details
Inputs per minute
— Fabrizio 094455 - - Pawo
Build order — Fabrizio 094455
First 150 of 1203 actions detected
| 0:03 | Create | Villager (Male) |
| 0:03 | Create | Villager (Male) |
| 0:03 | Create | Villager (Male) |
| 0:04 | Build | House |
| 0:06 | Build | House |
| 0:08 | Create | Villager (Male) |
| 0:08 | Create | Villager (Male) |
| 1:28 | Create | Villager (Male) |
| 1:46 | Build | Lumber Camp |
| 1:58 | Create | Villager (Male) |
| 2:17 | Create | Villager (Male) |
| 2:54 | Create | Villager (Male) |
| 3:18 | Create | Villager (Male) |
| 3:18 | Create | Villager (Male) |
| 3:35 | Build | House |
| 3:36 | Create | Villager (Male) |
| 4:09 | Create | Villager (Male) |
| 4:09 | Create | Villager (Male) |
| 4:09 | Create | Villager (Male) |
| 4:31 | Build | Mill |
| 4:34 | Create | Villager (Male) |
| 4:34 | Create | Villager (Male) |
| 5:12 | Create | Villager (Male) |
| 5:29 | Build | Farm |
| 5:33 | Create | Villager (Male) |
| 5:56 | Build | House |
| 6:14 | Create | Villager (Male) |
| 6:26 | Create | Villager (Male) |
| 6:46 | Build | Farm |
| 6:49 | Create | Villager (Male) |
| 7:11 | Build | Farm |
| 7:27 | Create | Villager (Male) |
| 7:37 | Create | Villager (Male) |
| 7:45 | Research | Feudal Age |
| 7:52 | Build | Farm |
| 8:09 | Build | Farm |
| 8:31 | Build | Mining Camp |
| 10:16 | Build | Mill |
| 10:25 | Create | Villager (Male) |
| 10:25 | Create | Villager (Male) |
| 10:25 | Create | Villager (Male) |
| 10:33 | Age | Feudal Age |
| 10:41 | Build | Market |
| 11:12 | Research | Loom |
| 11:29 | Build | Blacksmith |
| 11:35 | Create | Villager (Male) |
| 12:00 | Research | Castle Age |
| 12:09 | Research | Double-Bit Axe |
| 12:24 | Research | Horse Collar |
| 14:05 | Create | Villager (Male) |
| 14:09 | Build | House |
| 14:13 | Research | Wheelbarrow |
| 14:40 | Age | Castle Age |
| 14:41 | Create | Villager (Male) |
| 14:46 | Build | Town Center |
| 14:50 | Research | Bow Saw |
| 15:09 | Create | Villager (Male) |
| 15:43 | Build | Town Center |
| 15:48 | Create | Villager (Male) |
| 16:01 | Create | Villager (Male) |
| 16:26 | Create | Villager (Male) |
| 16:47 | Create | Villager (Male) |
| 16:49 | Build | House |
| 16:50 | Build | House |
| 16:52 | Build | House |
| 16:55 | Create | Villager (Male) |
| 17:04 | Create | Villager (Male) |
| 17:13 | Build | Farm |
| 17:13 | Build | Farm |
| 17:14 | Build | Farm |
| 17:14 | Build | Farm |
| 17:15 | Build | Farm |
| 17:16 | Build | Farm |
| 17:18 | Create | Villager (Male) |
| 17:20 | Create | Villager (Male) |
| 17:40 | Create | Villager (Male) |
| 17:40 | Create | Villager (Male) |
| 17:41 | Create | Villager (Male) |
| 17:47 | Build | Farm |
| 17:50 | Build | Farm |
| 17:52 | Research | Heavy Plow |
| 17:52 | Research | Heavy Plow |
| 17:55 | Build | Farm |
| 17:56 | Build | Farm |
| 17:56 | Build | Farm |
| 17:56 | Build | Farm |
| 17:56 | Build | Farm |
| 18:02 | Build | House |
| 18:03 | Build | House |
| 18:04 | Build | House |
| 18:13 | Create | Villager (Male) |
| 18:15 | Build | Farm |
| 18:32 | Build | Farm |
| 18:32 | Create | Villager (Male) |
| 18:41 | Create | Villager (Male) |
| 18:49 | Create | Villager (Male) |
| 19:01 | Build | Lumber Camp |
| 19:03 | Build | Farm |
| 19:07 | Create | Villager (Male) |
| 19:16 | Create | Villager (Male) |
| 19:16 | Create | Villager (Male) |
| 19:22 | Create | Villager (Male) |
| 19:22 | Create | Villager (Male) |
| 19:26 | Build | House |
| 19:29 | Create | Villager (Male) |
| 19:39 | Create | Villager (Male) |
| 19:45 | Build | Farm |
| 20:02 | Create | Villager (Male) |
| 20:03 | Create | Villager (Male) |
| 20:03 | Create | Villager (Male) |
| 20:11 | Create | Villager (Male) |
| 20:12 | Create | Villager (Male) |
| 20:15 | Build | Mill |
| 20:16 | Build | Farm |
| 20:16 | Build | Farm |
| 20:18 | Create | Villager (Male) |
| 20:25 | Create | Villager (Male) |
| 20:36 | Create | Villager (Male) |
| 20:38 | Build | Barracks |
| 20:42 | Create | Villager (Male) |
| 20:43 | Create | Villager (Male) |
| 21:13 | Create | Villager (Male) |
| 21:14 | Create | Villager (Male) |
| 21:14 | Create | Villager (Male) |
| 21:14 | Create | Villager (Male) |
| 21:18 | Build | Farm |
| 21:19 | Build | Farm |
| 21:21 | Create | Villager (Male) |
| 21:28 | Create | Villager (Male) |
| 21:29 | Create | Villager (Male) |
| 21:31 | Build | Farm |
| 21:33 | Build | Farm |
| 21:35 | Build | Farm |
| 21:40 | Create | Spearman |
| 21:40 | Create | Spearman |
| 21:55 | Create | Villager (Male) |
| 21:55 | Create | Villager (Male) |
| 21:57 | Build | Farm |
| 21:59 | Create | Villager (Male) |
| 21:59 | Create | Villager (Male) |
| 22:01 | Build | Farm |
| 22:01 | Build | Farm |
| 22:01 | Build | Farm |
| 22:04 | Create | Villager (Male) |
| 22:04 | Create | Villager (Male) |
| 22:15 | Build | Castle |
| 22:19 | Create | Villager (Male) |
| 22:21 | Build | Farm |
| 22:24 | Create | Villager (Male) |
| 22:24 | Create | Villager (Male) |
Build order — Pawo
First 150 of 757 actions detected
| 0:02 | Build | House |
| 0:03 | Build | House |
| 0:04 | Create | Villager (Male) |
| 0:04 | Create | Villager (Male) |
| 0:05 | Create | Villager (Male) |
| 0:05 | Create | Villager (Male) |
| 0:05 | Create | Villager (Male) |
| 1:30 | Build | Lumber Camp |
| 1:32 | Create | Villager (Male) |
| 1:32 | Create | Villager (Male) |
| 2:01 | Create | Villager (Male) |
| 2:01 | Create | Villager (Male) |
| 2:29 | Create | Villager (Male) |
| 2:30 | Create | Villager (Male) |
| 2:58 | Create | Villager (Male) |
| 2:58 | Create | Villager (Male) |
| 3:17 | Build | House |
| 3:20 | Build | House |
| 3:24 | Create | Villager (Male) |
| 3:24 | Create | Villager (Male) |
| 3:47 | Create | Villager (Male) |
| 3:48 | Create | Villager (Male) |
| 3:53 | Build | Mill |
| 4:24 | Create | Villager (Male) |
| 4:24 | Create | Villager (Male) |
| 4:50 | Create | Villager (Male) |
| 4:50 | Create | Villager (Male) |
| 5:17 | Create | Villager (Male) |
| 5:17 | Create | Villager (Male) |
| 5:18 | Create | Villager (Male) |
| 5:28 | Create | Villager (Male) |
| 5:28 | Create | Villager (Male) |
| 5:37 | Build | Mill |
| 5:44 | Create | Villager (Male) |
| 5:44 | Create | Villager (Male) |
| 5:54 | Build | Mining Camp |
| 6:30 | Create | Villager (Male) |
| 6:31 | Create | Villager (Male) |
| 6:31 | Create | Villager (Male) |
| 6:31 | Create | Villager (Male) |
| 6:54 | Create | Villager (Male) |
| 6:55 | Create | Villager (Male) |
| 6:55 | Create | Villager (Male) |
| 8:32 | Research | Feudal Age |
| 8:32 | Research | Feudal Age |
| 10:47 | Age | Feudal Age |
| 10:49 | Research | Castle Age |
| 10:49 | Research | Castle Age |
| 11:35 | Research | Double-Bit Axe |
| 11:59 | Build | Farm |
| 12:15 | Build | House |
| 12:34 | Research | Horse Collar |
| 12:52 | Build | Stable |
| 13:02 | Create | Villager (Male) |
| 13:29 | Age | Castle Age |
| 13:37 | Build | Monastery |
| 13:41 | Build | House |
| 13:42 | Build | House |
| 13:44 | Create | Villager (Male) |
| 13:44 | Create | Villager (Male) |
| 13:48 | Build | Farm |
| 14:00 | Build | Farm |
| 14:05 | Create | Monk |
| 14:14 | Create | Scout Cavalry |
| 14:24 | Create | Villager (Male) |
| 14:25 | Build | Farm |
| 14:28 | Build | Farm |
| 14:30 | Build | Farm |
| 14:33 | Build | Farm |
| 14:46 | Build | House |
| 15:00 | Create | Monk |
| 15:07 | Build | Farm |
| 15:09 | Create | Scout Cavalry |
| 15:12 | Build | Farm |
| 15:14 | Build | Farm |
| 15:27 | Create | Villager (Male) |
| 15:27 | Create | Villager (Male) |
| 15:33 | Build | Farm |
| 15:44 | Create | Villager (Male) |
| 15:53 | Build | Farm |
| 15:57 | Create | Villager (Male) |
| 16:06 | Build | Farm |
| 16:17 | Build | Farm |
| 16:22 | Create | Scout Cavalry |
| 16:23 | Create | Scout Cavalry |
| 16:44 | Build | Farm |
| 16:46 | Create | Villager (Male) |
| 16:47 | Create | Monk |
| 16:52 | Create | Villager (Male) |
| 16:58 | Create | Scout Cavalry |
| 17:02 | Create | Knight |
| 17:15 | Create | Villager (Male) |
| 17:27 | Create | Villager (Male) |
| 17:46 | Create | Scout Cavalry |
| 18:03 | Build | Town Center |
| 18:09 | Create | Monk |
| 18:55 | Create | Villager (Male) |
| 18:55 | Create | Villager (Male) |
| 19:02 | Create | Scout Cavalry |
| 19:02 | Create | Scout Cavalry |
| 19:03 | Research | Bow Saw |
| 19:05 | Build | House |
| 19:06 | Build | House |
| 19:07 | Build | House |
| 19:08 | Create | Villager (Male) |
| 19:36 | Research | Light Cavalry (upgrade) |
| 19:43 | Research | Husbandry |
| 19:44 | Research | Bloodlines |
| 19:44 | Create | Knight |
| 19:46 | Create | Villager (Male) |
| 19:46 | Create | Villager (Male) |
| 20:08 | Create | Knight |
| 20:09 | Create | Knight |
| 20:13 | Create | Villager (Male) |
| 20:13 | Create | Villager (Male) |
| 20:26 | Create | Villager (Male) |
| 20:26 | Create | Villager (Male) |
| 20:31 | Build | Farm |
| 20:31 | Build | Farm |
| 20:31 | Build | Farm |
| 20:31 | Build | Farm |
| 20:31 | Build | Farm |
| 20:32 | Build | Farm |
| 20:32 | Build | Farm |
| 20:32 | Build | Farm |
| 20:33 | Build | Farm |
| 20:40 | Build | House |
| 20:41 | Build | House |
| 20:43 | Create | Villager (Male) |
| 20:43 | Create | Villager (Male) |
| 20:58 | Create | Villager (Male) |
| 21:18 | Build | Blacksmith |
| 21:19 | Create | Knight |
| 21:30 | Create | Villager (Male) |
| 21:30 | Create | Villager (Male) |
| 21:30 | Create | Villager (Male) |
| 21:47 | Create | Knight |
| 21:48 | Create | Villager (Male) |
| 21:49 | Create | Villager (Male) |
| 21:59 | Build | Farm |
| 22:05 | Research | Forging |
| 22:10 | Create | Monk |
| 22:11 | Create | Monk |
| 22:13 | Create | Villager (Male) |
| 22:13 | Create | Villager (Male) |
| 22:19 | Build | Farm |
| 22:19 | Build | Farm |
| 22:19 | Build | Farm |
| 22:19 | Build | Farm |
| 22:21 | Build | Farm |
Build order — Tarkha
First 150 of 543 actions detected
| 0:01 | Create | Villager (Male) |
| 0:01 | Create | Villager (Male) |
| 0:01 | Create | Villager (Male) |
| 0:02 | Create | Villager (Male) |
| 0:03 | Build | House |
| 0:04 | Build | House |
| 1:45 | Create | Villager (Male) |
| 2:10 | Create | Villager (Male) |
| 2:10 | Create | Villager (Male) |
| 2:16 | Build | Lumber Camp |
| 2:47 | Create | Villager (Male) |
| 3:14 | Research | Double-Bit Axe |
| 3:28 | Create | Villager (Male) |
| 3:28 | Create | Villager (Male) |
| 4:01 | Build | House |
| 4:03 | Build | House |
| 4:08 | Create | Villager (Male) |
| 4:34 | Build | House |
| 4:37 | Create | Villager (Male) |
| 4:37 | Create | Villager (Male) |
| 4:57 | Build | Palisade Gate |
| 5:02 | Build | Palisade Gate |
| 5:07 | Build | Palisade Wall |
| 5:13 | Build | Palisade Gate |
| 5:20 | Create | Villager (Male) |
| 5:44 | Create | Villager (Male) |
| 6:06 | Build | Mill |
| 6:25 | Create | Villager (Male) |
| 6:26 | Create | Villager (Male) |
| 6:26 | Create | Villager (Male) |
| 7:06 | Research | Horse Collar |
| 7:32 | Create | Villager (Male) |
| 7:35 | Build | Farm |
| 7:38 | Build | Farm |
| 7:45 | Build | Farm |
| 8:05 | Create | Villager (Male) |
| 8:06 | Create | Villager (Male) |
| 8:35 | Build | Mining Camp |
| 8:58 | Research | Feudal Age |
| 9:59 | Build | Farm |
| 10:01 | Build | Farm |
| 10:05 | Build | House |
| 10:26 | Create | Villager (Male) |
| 10:27 | Create | Villager (Male) |
| 10:27 | Research | Loom |
| 11:08 | Age | Feudal Age |
| 11:10 | Build | Market |
| 11:13 | Build | Blacksmith |
| 12:22 | Research | Castle Age |
| 13:02 | Build | Farm |
| 13:06 | Research | Bow Saw |
| 13:07 | Research | Gold Mining |
| 13:23 | Build | Barracks |
| 14:23 | Build | House |
| 14:24 | Build | House |
| 14:24 | Build | House |
| 14:30 | Create | Villager (Male) |
| 14:31 | Create | Villager (Male) |
| 14:44 | Create | Flemish Militia |
| 14:44 | Create | Flemish Militia |
| 15:03 | Age | Castle Age |
| 15:07 | Build | Siege Workshop |
| 15:10 | Create | Flemish Militia |
| 15:26 | Research | Scale Mail Armor |
| 15:29 | Create | Flemish Militia |
| 15:43 | Create | Battering Ram |
| 15:44 | Create | Villager (Male) |
| 15:54 | Build | House |
| 15:55 | Build | House |
| 15:59 | Create | Flemish Militia |
| 16:00 | Create | Flemish Militia |
| 16:16 | Create | Villager (Male) |
| 16:25 | Create | Villager (Male) |
| 16:27 | Create | Mangonel |
| 16:52 | Create | Villager (Male) |
| 16:55 | Create | Flemish Militia |
| 16:55 | Create | Flemish Militia |
| 17:03 | Create | Battering Ram |
| 17:10 | Create | Villager (Male) |
| 17:41 | Create | Flemish Militia |
| 17:41 | Create | Flemish Militia |
| 17:44 | Create | Battering Ram |
| 18:01 | Create | Villager (Male) |
| 18:01 | Create | Villager (Male) |
| 18:10 | Create | Flemish Militia |
| 18:10 | Create | Flemish Militia |
| 18:24 | Create | Battering Ram |
| 18:27 | Create | Villager (Male) |
| 18:45 | Create | Villager (Male) |
| 18:50 | Create | Flemish Militia |
| 18:51 | Create | Flemish Militia |
| 19:24 | Build | House |
| 19:25 | Build | House |
| 19:26 | Build | House |
| 20:11 | Create | Villager (Male) |
| 20:11 | Create | Villager (Male) |
| 20:30 | Create | Battering Ram |
| 20:31 | Create | Villager (Male) |
| 20:35 | Build | Town Center |
| 20:43 | Build | Town Center |
| 20:49 | Create | Villager (Male) |
| 20:49 | Create | Villager (Male) |
| 21:13 | Create | Villager (Male) |
| 21:38 | Build | Farm |
| 21:39 | Build | Farm |
| 21:39 | Build | Farm |
| 21:39 | Build | Farm |
| 21:40 | Build | Farm |
| 21:40 | Build | Farm |
| 22:08 | Create | Flemish Militia |
| 22:08 | Create | Flemish Militia |
| 22:08 | Create | Flemish Militia |
| 22:08 | Create | Flemish Militia |
| 22:09 | Create | Flemish Militia |
| 22:26 | Create | Villager (Male) |
| 22:27 | Create | Villager (Male) |
| 22:39 | Build | Farm |
| 22:42 | Build | Farm |
| 22:44 | Build | Farm |
| 22:46 | Build | Farm |
| 22:48 | Create | Villager (Male) |
| 22:48 | Create | Villager (Male) |
| 23:18 | Create | Villager (Male) |
| 23:19 | Create | Villager (Male) |
| 23:19 | Create | Villager (Male) |
| 23:29 | Create | Flemish Militia |
| 23:34 | Build | Farm |
| 23:34 | Build | Farm |
| 23:34 | Build | Farm |
| 23:34 | Build | Farm |
| 23:35 | Build | Farm |
| 23:40 | Create | Villager (Male) |
| 23:40 | Create | Villager (Male) |
| 23:41 | Create | Villager (Male) |
| 23:41 | Create | Villager (Male) |
| 23:45 | Build | Farm |
| 23:45 | Build | Farm |
| 23:45 | Build | Farm |
| 23:46 | Build | Farm |
| 23:46 | Build | Farm |
| 23:46 | Build | Farm |
| 23:54 | Create | Villager (Male) |
| 24:03 | Build | Farm |
| 24:06 | Build | Farm |
| 24:07 | Create | Villager (Male) |
| 24:07 | Create | Villager (Male) |
| 24:22 | Create | Villager (Male) |
| 24:44 | Create | Villager (Male) |
| 24:44 | Create | Villager (Male) |
| 25:20 | Create | Villager (Male) |
Build order — AndreySpy1
First 150 of 767 actions detected
| 0:00 | Create | Villager (Male) |
| 0:01 | Create | Villager (Male) |
| 0:01 | Create | Villager (Male) |
| 0:01 | Create | Villager (Male) |
| 0:01 | Create | Villager (Male) |
| 0:02 | Build | House |
| 0:04 | Build | House |
| 1:25 | Create | Villager (Male) |
| 1:46 | Build | Lumber Camp |
| 1:47 | Create | Villager (Male) |
| 2:05 | Create | Villager (Male) |
| 2:37 | Create | Villager (Male) |
| 3:01 | Create | Villager (Male) |
| 3:27 | Build | House |
| 3:41 | Create | Villager (Male) |
| 3:47 | Build | Mill |
| 4:08 | Create | Villager (Male) |
| 4:08 | Create | Villager (Male) |
| 4:29 | Create | Villager (Male) |
| 4:42 | Research | Loom |
| 4:58 | Create | Villager (Male) |
| 5:18 | Create | Villager (Male) |
| 5:22 | Build | House |
| 5:32 | Create | Villager (Male) |
| 5:35 | Create | Villager (Male) |
| 5:47 | Create | Villager (Male) |
| 5:50 | Build | Farm |
| 5:54 | Create | Villager (Male) |
| 6:05 | Create | Villager (Male) |
| 6:41 | Create | Villager (Male) |
| 6:43 | Create | Villager (Male) |
| 6:45 | Create | Villager (Male) |
| 6:59 | Build | Farm |
| 7:05 | Build | Farm |
| 7:53 | Research | Feudal Age |
| 7:59 | Build | Mining Camp |
| 8:36 | Build | Farm |
| 8:55 | Create | Villager (Male) |
| 8:55 | Create | Villager (Male) |
| 9:21 | Build | Mill |
| 10:13 | Build | House |
| 10:31 | Age | Feudal Age |
| 10:39 | Build | Market |
| 11:21 | Build | Blacksmith |
| 11:22 | Create | Villager (Male) |
| 11:47 | Create | Villager (Male) |
| 11:49 | Build | Farm |
| 12:08 | Build | Farm |
| 12:28 | Research | Castle Age |
| 12:28 | Research | Castle Age |
| 12:37 | Build | House |
| 12:49 | Build | Farm |
| 13:01 | Research | Double-Bit Axe |
| 13:15 | Build | Farm |
| 13:29 | Research | Horse Collar |
| 13:29 | Research | Horse Collar |
| 14:46 | Create | Villager (Male) |
| 15:08 | Age | Castle Age |
| 15:14 | Build | Town Center |
| 15:29 | Create | Villager (Male) |
| 15:36 | Build | Monastery |
| 15:55 | Create | Villager (Male) |
| 16:03 | Build | Town Center |
| 16:13 | Create | Villager (Male) |
| 16:27 | Create | Monk |
| 16:33 | Build | Farm |
| 16:43 | Create | Villager (Male) |
| 16:49 | Create | Villager (Male) |
| 16:53 | Build | Farm |
| 16:54 | Build | Farm |
| 16:57 | Create | Villager (Male) |
| 16:58 | Create | Villager (Male) |
| 16:58 | Create | Villager (Male) |
| 16:59 | Create | Villager (Male) |
| 16:59 | Create | Villager (Male) |
| 16:59 | Create | Villager (Male) |
| 17:00 | Create | Villager (Male) |
| 17:22 | Build | Farm |
| 17:23 | Build | Farm |
| 17:23 | Build | Farm |
| 17:29 | Build | Farm |
| 17:30 | Create | Villager (Male) |
| 17:47 | Create | Villager (Male) |
| 17:51 | Build | Farm |
| 17:51 | Build | Farm |
| 17:52 | Build | Farm |
| 18:01 | Research | Fervor |
| 18:01 | Create | Villager (Male) |
| 18:04 | Build | Farm |
| 18:07 | Build | Farm |
| 18:08 | Create | Villager (Male) |
| 18:09 | Create | Villager (Male) |
| 18:09 | Create | Villager (Male) |
| 18:10 | Create | Villager (Male) |
| 18:15 | Build | Farm |
| 18:24 | Create | Villager (Male) |
| 18:27 | Build | Farm |
| 18:28 | Create | Villager (Male) |
| 18:29 | Create | Villager (Male) |
| 18:30 | Create | Villager (Male) |
| 18:41 | Build | House |
| 18:45 | Build | House |
| 18:46 | Create | Villager (Male) |
| 18:48 | Build | Farm |
| 18:52 | Create | Villager (Male) |
| 18:59 | Build | Farm |
| 19:03 | Create | Villager (Male) |
| 19:04 | Create | Villager (Male) |
| 19:14 | Build | Farm |
| 19:15 | Create | Villager (Male) |
| 19:16 | Build | Farm |
| 19:17 | Create | Villager (Male) |
| 19:22 | Create | Villager (Male) |
| 19:28 | Create | Villager (Male) |
| 19:31 | Create | Villager (Male) |
| 19:31 | Research | Loom |
| 19:33 | Build | Farm |
| 19:33 | Create | Villager (Male) |
| 19:34 | Create | Villager (Male) |
| 19:39 | Research | Wheelbarrow |
| 19:43 | Build | House |
| 19:49 | Create | Villager (Male) |
| 19:55 | Create | Villager (Male) |
| 19:59 | Build | Farm |
| 19:59 | Build | Farm |
| 19:59 | Build | Farm |
| 20:03 | Build | Farm |
| 20:14 | Build | Farm |
| 20:20 | Build | House |
| 20:21 | Build | House |
| 20:22 | Build | House |
| 20:26 | Build | Farm |
| 20:27 | Create | Villager (Male) |
| 20:36 | Build | Farm |
| 20:43 | Build | Farm |
| 20:43 | Build | Farm |
| 21:07 | Create | Villager (Male) |
| 21:21 | Build | Town Center |
| 21:32 | Create | Villager (Male) |
| 21:32 | Create | Villager (Male) |
| 21:33 | Create | Villager (Male) |
| 21:34 | Create | Villager (Male) |
| 21:34 | Create | Villager (Male) |
| 21:38 | Research | Bow Saw |
| 21:38 | Research | Bow Saw |
| 21:40 | Create | Villager (Male) |
| 21:43 | Build | Farm |
| 21:44 | Build | Farm |
| 21:45 | Create | Villager (Male) |
| 21:52 | Build | Farm |
Build order — [Fx、]AirDk
First 150 of 603 actions detected
| 0:01 | Create | Villager (Male) |
| 0:01 | Create | Villager (Male) |
| 0:02 | Build | House |
| 0:03 | Build | House |
| 0:15 | Create | Villager (Male) |
| 0:17 | Create | Villager (Male) |
| 1:28 | Create | Villager (Male) |
| 1:47 | Build | Lumber Camp |
| 2:00 | Create | Villager (Male) |
| 2:21 | Create | Villager (Male) |
| 2:57 | Create | Villager (Male) |
| 3:19 | Build | House |
| 3:20 | Create | Villager (Male) |
| 3:39 | Create | Villager (Male) |
| 3:56 | Create | Villager (Male) |
| 4:39 | Create | Villager (Male) |
| 4:42 | Build | Mill |
| 4:45 | Create | Villager (Male) |
| 4:49 | Build | House |
| 4:55 | Create | Villager (Male) |
| 5:50 | Create | Villager (Male) |
| 6:03 | Build | Mill |
| 6:14 | Create | Villager (Male) |
| 6:36 | Create | Villager (Male) |
| 6:54 | Create | Villager (Male) |
| 7:33 | Create | Villager (Male) |
| 8:05 | Research | Feudal Age |
| 8:08 | Build | Farm |
| 8:32 | Create | Villager (Male) |
| 8:32 | Create | Villager (Male) |
| 9:20 | Build | Farm |
| 9:40 | Build | Farm |
| 10:15 | Age | Feudal Age |
| 10:19 | Build | Market |
| 10:26 | Build | Blacksmith |
| 11:12 | Research | Castle Age |
| 11:12 | Research | Castle Age |
| 11:18 | Build | House |
| 11:21 | Research | Double-Bit Axe |
| 11:22 | Research | Double-Bit Axe |
| 11:49 | Build | House |
| 12:22 | Build | House |
| 12:28 | Research | Horse Collar |
| 12:28 | Research | Horse Collar |
| 12:28 | Research | Horse Collar |
| 13:10 | Build | House |
| 13:23 | Build | Farm |
| 13:36 | Build | Farm |
| 13:49 | Create | Villager (Male) |
| 13:49 | Create | Villager (Male) |
| 13:52 | Age | Castle Age |
| 13:55 | Build | Town Center |
| 14:00 | Build | Town Center |
| 14:13 | Build | Farm |
| 14:16 | Build | Farm |
| 14:32 | Build | Farm |
| 14:33 | Create | Villager (Male) |
| 14:36 | Build | Farm |
| 14:49 | Build | Farm |
| 14:57 | Create | Villager (Male) |
| 15:10 | Build | Farm |
| 15:18 | Create | Villager (Male) |
| 15:33 | Create | Villager (Male) |
| 15:37 | Build | Farm |
| 15:37 | Create | Villager (Male) |
| 15:46 | Create | Villager (Male) |
| 15:50 | Create | Villager (Male) |
| 16:02 | Build | Farm |
| 16:04 | Create | Villager (Male) |
| 16:13 | Build | House |
| 16:15 | Create | Villager (Male) |
| 16:20 | Create | Villager (Male) |
| 16:22 | Create | Villager (Male) |
| 16:25 | Build | Farm |
| 16:42 | Create | Villager (Male) |
| 17:00 | Create | Villager (Male) |
| 17:06 | Build | Town Center |
| 17:12 | Create | Villager (Male) |
| 17:14 | Create | Villager (Male) |
| 17:16 | Build | Farm |
| 17:17 | Build | Farm |
| 17:18 | Create | Villager (Male) |
| 17:21 | Build | House |
| 17:27 | Create | Villager (Male) |
| 17:35 | Create | Villager (Male) |
| 17:37 | Create | Villager (Male) |
| 17:39 | Build | Farm |
| 17:43 | Create | Villager (Male) |
| 17:55 | Build | House |
| 17:57 | Create | Villager (Male) |
| 18:10 | Create | Villager (Male) |
| 18:15 | Build | Farm |
| 18:16 | Create | Villager (Male) |
| 18:19 | Create | Villager (Male) |
| 18:26 | Create | Villager (Male) |
| 18:45 | Build | Town Center |
| 18:46 | Create | Villager (Male) |
| 18:47 | Build | House |
| 18:48 | Create | Villager (Male) |
| 18:54 | Create | Villager (Male) |
| 18:57 | Build | Farm |
| 19:00 | Create | Villager (Male) |
| 19:00 | Create | Villager (Male) |
| 19:01 | Create | Villager (Male) |
| 19:06 | Build | Palisade Gate |
| 19:17 | Create | Villager (Male) |
| 19:18 | Create | Villager (Male) |
| 19:22 | Build | House |
| 19:30 | Build | Farm |
| 19:33 | Build | Farm |
| 19:37 | Build | Farm |
| 19:39 | Build | Farm |
| 19:40 | Create | Villager (Male) |
| 19:45 | Build | Farm |
| 19:46 | Create | Villager (Male) |
| 19:47 | Create | Villager (Male) |
| 19:54 | Create | Villager (Male) |
| 19:56 | Build | Farm |
| 20:07 | Create | Villager (Male) |
| 20:09 | Build | House |
| 20:11 | Create | Villager (Male) |
| 20:22 | Build | House |
| 20:23 | Create | Villager (Male) |
| 20:26 | Build | Farm |
| 20:28 | Create | Villager (Male) |
| 20:30 | Create | Villager (Male) |
| 20:37 | Create | Villager (Male) |
| 20:37 | Create | Villager (Male) |
| 20:40 | Build | House |
| 20:46 | Build | Farm |
| 20:48 | Build | Farm |
| 20:49 | Build | Farm |
| 20:53 | Build | Farm |
| 20:55 | Create | Villager (Male) |
| 20:57 | Build | Farm |
| 21:00 | Create | Villager (Male) |
| 21:01 | Create | Villager (Male) |
| 21:09 | Build | Monastery |
| 21:11 | Build | House |
| 21:13 | Create | Villager (Male) |
| 21:14 | Create | Villager (Male) |
| 21:14 | Create | Villager (Male) |
| 21:19 | Build | Farm |
| 21:25 | Create | Villager (Male) |
| 21:26 | Build | Farm |
| 21:28 | Create | Villager (Male) |
| 21:28 | Create | Villager (Male) |
| 21:29 | Create | Villager (Male) |
| 21:36 | Build | Gate |
| 21:37 | Create | Villager (Male) |
Build order — _stranikk_
First 150 of 539 actions detected
| 0:01 | Create | Villager (Male) ×4 |
| 0:01 | Create | Villager (Male) ×4 |
| 0:03 | Build | House |
| 0:04 | Build | House |
| 1:14 | Create | Villager (Male) |
| 1:14 | Create | Villager (Male) |
| 1:41 | Create | Villager (Male) |
| 1:41 | Create | Villager (Male) |
| 2:07 | Create | Villager (Male) |
| 2:14 | Build | Lumber Camp |
| 2:34 | Create | Villager (Male) |
| 2:34 | Create | Villager (Male) |
| 3:03 | Create | Villager (Male) |
| 3:04 | Create | Villager (Male) |
| 3:34 | Build | House |
| 3:39 | Create | Villager (Male) |
| 3:55 | Build | Palisade Gate |
| 3:58 | Build | Palisade Wall |
| 4:03 | Build | Palisade Wall |
| 4:05 | Create | Villager (Male) ×2 |
| 4:05 | Create | Villager (Male) ×2 |
| 4:08 | Build | Palisade Wall |
| 4:14 | Build | Palisade Wall |
| 4:28 | Build | House |
| 4:35 | Build | Palisade Wall |
| 4:37 | Create | Villager (Male) ×2 |
| 4:37 | Create | Villager (Male) |
| 5:02 | Create | Villager (Male) |
| 5:11 | Build | House |
| 6:00 | Build | Mill |
| 6:04 | Create | Villager (Male) ×5 |
| 6:46 | Create | Villager (Male) |
| 8:03 | Build | Farm |
| 8:03 | Build | Farm |
| 8:08 | Build | Farm |
| 8:46 | Build | Mining Camp |
| 8:48 | Research | Feudal Age |
| 9:02 | Build | House |
| 9:05 | Create | Villager (Male) ×3 |
| 9:05 | Create | Villager (Male) ×3 |
| 10:58 | Age | Feudal Age |
| 11:01 | Build | Market |
| 11:03 | Build | Blacksmith |
| 11:29 | Build | Mining Camp |
| 11:40 | Research | Castle Age |
| 11:40 | Research | Castle Age |
| 12:12 | Research | Double-Bit Axe |
| 12:41 | Research | Horse Collar |
| 12:41 | Research | Horse Collar |
| 12:55 | Create | Villager (Male) |
| 13:39 | Create | Villager (Male) |
| 13:39 | Create | Villager (Male) |
| 14:11 | Create | Villager (Male) |
| 14:11 | Create | Villager (Male) |
| 14:28 | Age | Castle Age |
| 14:31 | Create | Villager (Male) |
| 14:32 | Create | Villager (Male) |
| 15:00 | Build | Castle |
| 15:03 | Create | Villager (Male) |
| 15:06 | Build | Farm |
| 15:09 | Build | Farm |
| 15:11 | Build | Farm |
| 15:15 | Build | Farm |
| 15:35 | Create | Villager (Male) |
| 15:37 | Build | Farm |
| 15:46 | Build | House |
| 15:46 | Build | House |
| 16:00 | Create | Villager (Male) |
| 16:07 | Create | Villager (Male) |
| 16:07 | Create | Villager (Male) |
| 16:17 | Build | Farm |
| 16:24 | Create | Conquistador ×2 |
| 16:29 | Build | Monastery |
| 16:31 | Create | Villager (Male) |
| 16:33 | Build | Farm |
| 16:35 | Build | Farm |
| 16:45 | Build | Farm |
| 16:57 | Create | Monk |
| 17:00 | Create | Missionary |
| 17:14 | Create | Conquistador |
| 17:14 | Create | Conquistador |
| 17:15 | Create | Villager (Male) |
| 17:16 | Create | Villager (Male) |
| 17:20 | Build | Farm |
| 17:24 | Build | Farm |
| 17:26 | Build | Farm |
| 17:29 | Build | House |
| 17:30 | Build | House |
| 17:33 | Create | Villager (Male) |
| 17:34 | Create | Conquistador |
| 17:34 | Create | Conquistador |
| 17:52 | Create | Villager (Male) |
| 17:53 | Create | Villager (Male) |
| 17:57 | Build | Farm |
| 18:03 | Build | Farm |
| 18:04 | Create | Conquistador |
| 18:04 | Create | Conquistador |
| 18:12 | Create | Villager (Male) |
| 18:24 | Research | Padded Archer Armor |
| 18:24 | Research | Padded Archer Armor |
| 18:31 | Create | Conquistador |
| 18:31 | Create | Conquistador |
| 18:33 | Create | Villager (Male) |
| 18:33 | Create | Villager (Male) |
| 18:43 | Research | Bow Saw |
| 18:44 | Research | Bow Saw |
| 19:10 | Create | Villager (Male) |
| 19:11 | Create | Conquistador |
| 19:11 | Create | Conquistador |
| 19:20 | Create | Villager (Male) |
| 19:28 | Create | Villager (Male) |
| 19:28 | Create | Conquistador |
| 19:29 | Create | Conquistador |
| 19:44 | Create | Villager (Male) |
| 20:01 | Create | Conquistador |
| 20:15 | Create | Villager (Male) |
| 20:15 | Create | Conquistador |
| 20:15 | Create | Conquistador |
| 20:50 | Create | Villager (Male) |
| 20:53 | Create | Conquistador |
| 20:55 | Create | Villager (Male) |
| 21:28 | Create | Villager (Male) |
| 21:38 | Build | Town Center |
| 21:58 | Build | Farm |
| 22:00 | Build | Farm |
| 22:00 | Create | Villager (Male) |
| 22:06 | Build | Town Center |
| 22:11 | Research | Wheelbarrow |
| 22:11 | Research | Wheelbarrow |
| 22:37 | Create | Villager (Male) |
| 22:37 | Create | Villager (Male) |
| 23:09 | Research | Loom |
| 23:27 | Create | Missionary |
| 23:46 | Create | Villager (Male) |
| 23:50 | Create | Villager (Male) |
| 23:52 | Build | Barracks |
| 23:55 | Create | Villager (Male) |
| 23:55 | Create | Villager (Male) |
| 23:57 | Build | Farm |
| 23:57 | Build | Farm |
| 23:59 | Build | Farm |
| 24:00 | Create | Villager (Male) |
| 24:22 | Research | Devotion |
| 24:26 | Build | Mining Camp |
| 24:30 | Create | Villager (Male) |
| 24:30 | Create | Villager (Male) |
| 24:30 | Create | Villager (Male) |
| 24:32 | Build | Farm |
| 24:44 | Create | Villager (Male) |
| 24:45 | Create | Villager (Male) |
Build order — 摸鱼大周周
94 actions detected in the replay
| 0:02 | Create | Villager (Male) |
| 0:02 | Create | Villager (Male) |
| 0:02 | Create | Villager (Male) |
| 0:03 | Create | Villager (Male) |
| 0:03 | Create | Villager (Male) |
| 0:03 | Create | Villager (Male) |
| 0:04 | Build | House |
| 0:05 | Build | House |
| 1:45 | Create | Villager (Male) |
| 1:46 | Create | Villager (Male) |
| 2:03 | Create | Villager (Male) |
| 2:03 | Create | Villager (Male) |
| 2:04 | Create | Villager (Male) |
| 2:20 | Build | Lumber Camp |
| 2:32 | Create | Villager (Male) |
| 2:32 | Create | Villager (Male) |
| 3:04 | Create | Villager (Male) |
| 3:04 | Create | Villager (Male) |
| 3:04 | Create | Villager (Male) |
| 3:05 | Create | Villager (Male) |
| 3:33 | Create | Villager (Male) |
| 3:34 | Create | Villager (Male) |
| 3:57 | Build | House |
| 4:27 | Create | Villager (Male) |
| 4:27 | Create | Villager (Male) |
| 4:27 | Create | Villager (Male) |
| 4:27 | Create | Villager (Male) |
| 4:29 | Build | House |
| 4:49 | Create | Villager (Male) |
| 4:50 | Create | Villager (Male) |
| 4:59 | Build | Mill |
| 5:03 | Build | House |
| 5:24 | Create | Villager (Male) |
| 5:25 | Create | Villager (Male) |
| 5:51 | Create | Villager (Male) |
| 5:52 | Create | Villager (Male) |
| 6:29 | Build | Mill |
| 6:51 | Create | Villager (Male) |
| 7:39 | Create | Villager (Male) |
| 7:39 | Create | Villager (Male) |
| 7:41 | Create | Villager (Male) |
| 8:30 | Research | Feudal Age |
| 8:45 | Build | Mining Camp |
| 9:48 | Create | Villager (Male) |
| 9:48 | Create | Villager (Male) |
| 11:04 | Age | Feudal Age |
| 11:07 | Build | Market |
| 11:09 | Build | Blacksmith |
| 12:02 | Research | Castle Age |
| 13:11 | Build | Outpost |
| 13:22 | Build | Lumber Camp |
| 13:28 | Research | Horse Collar |
| 13:32 | Build | Farm |
| 13:32 | Build | Farm |
| 14:04 | Build | Barracks |
| 14:19 | Create | Villager (Male) |
| 14:21 | Create | Villager (Male) |
| 14:39 | Create | Villager (Male) |
| 14:42 | Age | Castle Age |
| 14:48 | Build | Town Center |
| 14:57 | Create | Villager (Male) |
| 15:01 | Build | Archery Range |
| 15:10 | Build | Farm |
| 15:18 | Build | Archery Range |
| 15:40 | Create | Archer |
| 15:44 | Build | Farm |
| 15:47 | Create | Villager (Male) |
| 16:00 | Build | Farm |
| 16:05 | Build | House |
| 16:10 | Build | House |
| 16:23 | Create | Villager (Male) |
| 16:42 | Create | Archer |
| 16:42 | Create | Archer |
| 16:46 | Build | Farm |
| 16:46 | Build | Farm |
| 16:47 | Build | Farm |
| 16:53 | Build | Farm |
| 17:00 | Research | Fletching |
| 17:06 | Create | Archer |
| 17:06 | Create | Archer |
| 17:07 | Build | Farm |
| 17:29 | Create | Archer |
| 17:29 | Create | Archer |
| 17:31 | Create | Villager (Male) |
| 17:31 | Create | Villager (Male) |
| 18:01 | Build | Siege Workshop |
| 18:22 | Build | Stone Wall |
| 18:34 | Build | Stone Wall |
| 18:50 | Create | Mangonel |
| 18:55 | Build | Stone Wall |
| 19:14 | Create | Archer |
| 19:27 | Research | Loom |
| 19:45 | Build | Siege Workshop |
| 20:14 | Create | Mangonel |
Build order — probatman
First 150 of 664 actions detected
| 0:01 | Create | Villager (Male) |
| 0:01 | Create | Villager (Male) |
| 0:03 | Build | House |
| 0:05 | Build | House |
| 0:07 | Create | Villager (Male) |
| 0:07 | Create | Villager (Male) |
| 0:20 | Create | Villager (Male) |
| 0:21 | Create | Villager (Male) |
| 1:37 | Create | Villager (Male) |
| 1:37 | Create | Villager (Male) |
| 1:48 | Build | Lumber Camp |
| 2:02 | Create | Villager (Male) |
| 2:03 | Create | Villager (Male) |
| 2:24 | Create | Villager (Male) |
| 2:24 | Create | Villager (Male) |
| 3:02 | Create | Villager (Male) |
| 3:02 | Create | Villager (Male) |
| 3:22 | Create | Villager (Male) |
| 3:52 | Build | House |
| 3:58 | Build | House |
| 4:02 | Create | Villager (Male) |
| 4:24 | Build | Mill |
| 5:00 | Create | Villager (Male) |
| 5:28 | Create | Villager (Male) |
| 5:36 | Build | Mill |
| 5:55 | Create | Villager (Male) |
| 5:55 | Create | Villager (Male) |
| 5:58 | Research | Loom |
| 5:58 | Research | Loom |
| 6:03 | Build | House |
| 7:15 | Research | Feudal Age |
| 7:31 | Build | Mining Camp |
| 7:36 | Create | Villager (Male) |
| 7:55 | Create | Villager (Male) |
| 8:32 | Build | Barracks |
| 9:25 | Create | Villager (Male) |
| 9:25 | Age | Feudal Age |
| 9:35 | Build | Archery Range |
| 10:33 | Research | Double-Bit Axe |
| 10:53 | Build | House |
| 10:58 | Create | Villager (Male) |
| 10:58 | Create | Villager (Male) |
| 11:18 | Build | Blacksmith |
| 11:20 | Build | House |
| 11:39 | Create | Villager (Male) |
| 11:46 | Build | Farm |
| 11:51 | Build | Farm |
| 11:53 | Build | Farm |
| 11:57 | Build | Farm |
| 12:06 | Build | Farm |
| 12:15 | Create | Villager (Male) |
| 12:16 | Create | Villager (Male) |
| 12:44 | Create | Villager (Male) |
| 12:49 | Build | House |
| 12:51 | Create | Villager (Male) |
| 12:57 | Build | Farm |
| 13:01 | Build | Farm |
| 13:20 | Build | Farm |
| 13:23 | Build | Farm |
| 13:34 | Build | Farm |
| 13:48 | Create | Villager (Male) |
| 13:54 | Build | Farm |
| 13:57 | Create | Villager (Male) |
| 14:13 | Build | Farm |
| 14:17 | Create | Villager (Male) |
| 14:38 | Build | Farm |
| 14:42 | Build | Farm |
| 14:48 | Create | Villager (Male) |
| 14:50 | Create | Archer |
| 14:50 | Create | Archer |
| 14:57 | Build | Farm |
| 15:02 | Build | Farm |
| 15:05 | Create | Villager (Male) |
| 15:24 | Build | Farm |
| 15:27 | Build | Farm |
| 15:40 | Research | Castle Age |
| 15:41 | Research | Castle Age |
| 15:42 | Create | Archer |
| 15:42 | Create | Archer |
| 16:02 | Build | Lumber Camp |
| 16:16 | Create | Spearman |
| 16:23 | Create | Villager (Male) |
| 16:26 | Build | House |
| 16:49 | Create | Villager (Male) |
| 16:54 | Build | Farm |
| 16:57 | Build | House |
| 17:13 | Create | Villager (Male) |
| 17:57 | Build | Stable |
| 18:20 | Age | Castle Age |
| 18:21 | Research | Horse Collar |
| 18:22 | Research | Horse Collar |
| 18:31 | Build | Monastery |
| 18:36 | Create | Villager (Male) |
| 18:57 | Build | Farm |
| 18:58 | Create | Villager (Male) |
| 18:58 | Create | Villager (Male) |
| 19:03 | Create | Scout Cavalry |
| 19:03 | Create | Scout Cavalry |
| 19:12 | Build | Mining Camp |
| 19:15 | Create | Scout Cavalry |
| 19:47 | Create | Scout Cavalry |
| 20:08 | Create | Villager (Male) |
| 20:08 | Create | Villager (Male) |
| 20:10 | Create | Scout Cavalry |
| 20:10 | Create | Scout Cavalry |
| 20:27 | Create | Villager (Male) |
| 20:40 | Research | Scale Barding Armor |
| 20:40 | Research | Forging |
| 20:41 | Create | Villager (Male) |
| 20:44 | Research | Light Cavalry (upgrade) |
| 20:54 | Build | Town Center |
| 21:20 | Build | Town Center |
| 21:25 | Research | Husbandry |
| 21:26 | Research | Husbandry |
| 21:26 | Research | Husbandry |
| 21:35 | Build | House |
| 21:56 | Create | Villager (Male) |
| 21:56 | Create | Villager (Male) |
| 21:59 | Create | Scout Cavalry |
| 21:59 | Create | Scout Cavalry |
| 22:02 | Create | Villager (Male) |
| 22:02 | Create | Villager (Male) |
| 22:10 | Create | Villager (Male) |
| 22:27 | Create | Villager (Male) |
| 22:28 | Research | Wheelbarrow |
| 22:29 | Research | Wheelbarrow |
| 22:29 | Research | Town Watch |
| 22:32 | Build | Farm |
| 22:34 | Research | Heavy Plow |
| 22:40 | Build | Farm |
| 22:42 | Create | Villager (Male) |
| 22:42 | Create | Villager (Male) |
| 22:49 | Create | Monk |
| 22:49 | Create | Monk |
| 22:59 | Create | Villager (Male) |
| 22:59 | Create | Villager (Male) |
| 23:14 | Create | Villager (Male) |
| 23:14 | Create | Villager (Male) |
| 23:19 | Build | House |
| 23:20 | Build | House |
| 23:27 | Build | Farm |
| 23:31 | Build | Farm |
| 23:34 | Build | Farm |
| 23:35 | Create | Villager (Male) |
| 23:35 | Create | Villager (Male) |
| 23:43 | Create | Villager (Male) |
| 23:47 | Build | House |
| 24:10 | Create | Monk |
| 24:20 | Research | Iron Casting |
| 24:22 | Create | Villager (Male) |
Match timeline
| 3:58 | _stranikk_ · wall_segment Palisade Wall x1 |
| 4:03 | _stranikk_ · wall_segment Palisade Wall x1 |
| 4:08 | _stranikk_ · wall_segment Palisade Wall x1 |
| 4:14 | _stranikk_ · wall_segment Palisade Wall x4 |
| 4:35 | _stranikk_ · wall_segment Palisade Wall x6 |
| 5:07 | Tarkha · wall_segment Palisade Wall x1 |
| 8:32 | probatman · first_building Barracks |
| 9:25 | probatman · age_up feudal |
| 9:35 | probatman · first_building Archery Range |
| 10:15 | [Fx、]AirDk · age_up feudal |
| 10:31 | AndreySpy1 · age_up feudal |
| 10:33 | Fabrizio 094455 · age_up feudal |
| 10:47 | Pawo · age_up feudal |
| 10:58 | _stranikk_ · age_up feudal |
| 11:04 | 摸鱼大周周 · age_up feudal |
| 11:08 | Tarkha · age_up feudal |
| 11:45 | Fabrizio 094455 · first_market_sell 100 food |
| 12:52 | Pawo · first_building Stable |
| 13:23 | Tarkha · first_building Barracks |
| 13:29 | Pawo · age_up castle |
| 13:37 | Pawo · first_building Monastery |
| 13:52 | [Fx、]AirDk · age_up castle |
| 14:04 | 摸鱼大周周 · first_building Barracks |
| 14:28 | _stranikk_ · age_up castle |
| 14:40 | Fabrizio 094455 · age_up castle |
| 14:42 | 摸鱼大周周 · age_up castle |
| 15:00 | _stranikk_ · first_building Castle |
| 15:01 | 摸鱼大周周 · first_building Archery Range |
| 15:03 | Tarkha · age_up castle |
| 15:07 | Tarkha · first_building Siege Workshop |
| 15:08 | AndreySpy1 · age_up castle |
| 15:36 | AndreySpy1 · first_building Monastery |
| 15:42 | AndreySpy1 · first_market_buy 100 wood |
| 16:29 | _stranikk_ · first_building Monastery |
| 16:57 | 摸鱼大周周 · first_market_buy 100 food |
| 17:57 | probatman · first_building Stable |
| 18:01 | 摸鱼大周周 · first_building Siege Workshop |
| 18:20 | probatman · age_up castle |
| 18:22 | 摸鱼大周周 · wall_segment Stone Wall x1 |
| 18:23 | Tarkha · first_market_sell 100 wood |
| 18:27 | _stranikk_ · first_market_buy 100 food |
| 18:31 | probatman · first_building Monastery |
| 18:34 | 摸鱼大周周 · wall_segment Stone Wall x1 |
| 18:55 | 摸鱼大周周 · wall_segment Stone Wall x2 |
| 19:25 | 摸鱼大周周 · first_market_sell 100 food |
| 20:38 | Fabrizio 094455 · first_building Barracks |
| 20:55 | AndreySpy1 · first_market_sell 100 food |
| 21:09 | [Fx、]AirDk · first_building Monastery |
| 21:42 | 摸鱼大周周 · resign |
| 21:43 | [Fx、]AirDk · wall_segment Stone Wall x1 |
| 22:15 | Fabrizio 094455 · first_building Castle |
| 22:26 | Tarkha · first_market_buy 100 food |
| 23:23 | AndreySpy1 · wall_segment Palisade Wall x1 |
| 23:52 | _stranikk_ · first_building Barracks |
| 24:47 | _stranikk_ · first_building Stable |
| 25:05 | AndreySpy1 · first_building Barracks |
| 26:00 | [Fx、]AirDk · first_building Castle |
| 26:22 | [Fx、]AirDk · first_building Barracks |
| 26:46 | AndreySpy1 · first_building Siege Workshop |
| 27:09 | probatman · first_market_buy 100 stone |
| 27:16 | probatman · wall_segment Stone Wall x6 |
| 27:30 | [Fx、]AirDk · first_building Stable |
| 27:43 | _stranikk_ · first_building Siege Workshop |
| 28:01 | [Fx、]AirDk · first_building Archery Range |
| 28:45 | [Fx、]AirDk · age_up imperial |
| 28:56 | _stranikk_ · first_building Archery Range |
| 28:57 | AndreySpy1 · age_up imperial |
| 29:11 | Pawo · first_building Siege Workshop |
| 29:51 | Fabrizio 094455 · wall_segment Stone Wall x1 |
| 29:53 | Fabrizio 094455 · wall_segment Stone Wall x1 |
| 29:54 | Fabrizio 094455 · wall_segment Stone Wall x1 |
| 30:02 | probatman · first_building Siege Workshop |
| 30:12 | Pawo · first_building Castle |
| 30:14 | AndreySpy1 · first_building Archery Range |
| 30:29 | Fabrizio 094455 · age_up imperial |
| 30:47 | _stranikk_ · age_up imperial |
| 31:46 | Tarkha · age_up imperial |
| 32:31 | [Fx、]AirDk · first_market_sell 500 food |
| 32:57 | probatman · age_up imperial |
| 33:00 | Pawo · age_up imperial |
| 33:24 | _stranikk_ · first_market_sell 100 food |
| 33:24 | Fabrizio 094455 · first_market_buy 100 wood |
| 34:02 | [Fx、]AirDk · first_building Siege Workshop |
| 34:37 | [Fx、]AirDk · tribute_sent a jugador 1 |
| 34:37 | [Fx、]AirDk · tribute_sent a jugador 2 |
| 34:37 | [Fx、]AirDk · tribute_sent a jugador 3 |
| 34:37 | [Fx、]AirDk · tribute_sent a jugador 4 |
| 34:37 | [Fx、]AirDk · tribute_sent a jugador 6 |
| 34:37 | [Fx、]AirDk · tribute_sent a jugador 7 |
| 34:37 | [Fx、]AirDk · tribute_sent a jugador 8 |
| 35:31 | probatman · first_market_sell 100 wood |
| 40:25 | probatman · first_building Castle |
| 40:46 | Tarkha · first_building Castle |
| 41:14 | Fabrizio 094455 · tribute_sent a jugador 1 |
| 41:14 | Fabrizio 094455 · tribute_sent a jugador 2 |
| 41:14 | Fabrizio 094455 · tribute_sent a jugador 4 |
| 41:14 | Fabrizio 094455 · tribute_sent a jugador 5 |
| 41:14 | Fabrizio 094455 · tribute_sent a jugador 6 |
| 41:14 | Fabrizio 094455 · tribute_sent a jugador 7 |
| 41:14 | Fabrizio 094455 · tribute_sent a jugador 8 |
| 43:45 | Pawo · first_market_buy 100 wood |
| 44:40 | _stranikk_ · tribute_sent a jugador 1 |
| 44:40 | _stranikk_ · tribute_sent a jugador 2 |
| 44:40 | _stranikk_ · tribute_sent a jugador 3 |
| 44:40 | _stranikk_ · tribute_sent a jugador 4 |
| 44:40 | _stranikk_ · tribute_sent a jugador 5 |
| 44:40 | _stranikk_ · tribute_sent a jugador 7 |
| 44:40 | _stranikk_ · tribute_sent a jugador 8 |
| 44:54 | Tarkha · first_building Stable |
| 46:46 | Fabrizio 094455 · first_building Stable |
| 47:53 | [Fx、]AirDk · tribute_sent a jugador 1 |
| 47:53 | [Fx、]AirDk · tribute_sent a jugador 2 |
| 47:53 | [Fx、]AirDk · tribute_sent a jugador 3 |
| 47:53 | [Fx、]AirDk · tribute_sent a jugador 4 |
| 47:53 | [Fx、]AirDk · tribute_sent a jugador 6 |
| 47:53 | [Fx、]AirDk · tribute_sent a jugador 7 |
| 47:53 | [Fx、]AirDk · tribute_sent a jugador 8 |
| 49:49 | probatman · wall_segment Stone Wall x5 |
| 49:58 | probatman · wall_segment Stone Wall x4 |
| 50:01 | probatman · wall_segment Stone Wall x8 |
| 50:19 | _stranikk_ · tribute_sent a jugador 1 |
| 50:19 | _stranikk_ · tribute_sent a jugador 2 |
| 50:19 | _stranikk_ · tribute_sent a jugador 3 |
| 50:19 | _stranikk_ · tribute_sent a jugador 4 |
| 50:19 | _stranikk_ · tribute_sent a jugador 5 |
| 50:19 | _stranikk_ · tribute_sent a jugador 7 |
| 50:19 | _stranikk_ · tribute_sent a jugador 8 |
| 50:19 | Fabrizio 094455 · tribute_sent a jugador 1 |
| 50:19 | Fabrizio 094455 · tribute_sent a jugador 2 |
| 50:19 | Fabrizio 094455 · tribute_sent a jugador 4 |
| 50:19 | Fabrizio 094455 · tribute_sent a jugador 5 |
| 50:19 | Fabrizio 094455 · tribute_sent a jugador 6 |
| 50:19 | Fabrizio 094455 · tribute_sent a jugador 7 |
| 50:19 | Fabrizio 094455 · tribute_sent a jugador 8 |
| 50:24 | AndreySpy1 · tribute_sent a jugador 1 |
| 50:24 | AndreySpy1 · tribute_sent a jugador 2 |
| 50:24 | AndreySpy1 · tribute_sent a jugador 3 |
| 50:24 | AndreySpy1 · tribute_sent a jugador 5 |
| 50:24 | AndreySpy1 · tribute_sent a jugador 6 |
| 50:24 | AndreySpy1 · tribute_sent a jugador 7 |
| 50:24 | AndreySpy1 · tribute_sent a jugador 8 |
| 51:16 | [Fx、]AirDk · tribute_sent a jugador 1 |
| 51:16 | [Fx、]AirDk · tribute_sent a jugador 2 |
| 51:16 | [Fx、]AirDk · tribute_sent a jugador 3 |
| 51:16 | [Fx、]AirDk · tribute_sent a jugador 4 |
| 51:16 | [Fx、]AirDk · tribute_sent a jugador 6 |
| 51:16 | [Fx、]AirDk · tribute_sent a jugador 7 |
| 51:16 | [Fx、]AirDk · tribute_sent a jugador 8 |
| 55:43 | Fabrizio 094455 · first_building Siege Workshop |
[ AI ANALYSIS · 1 CREDIT ]
What really happened in this match?
Wolo.gg analyzes every decision: build order, eco, micro, common mistakes by bracket. Personalized analysis on WhatsApp or Discord in 30 seconds.
Civ guide
Teutons
Map guide
Arena
Perfil
Jugador #5843090